Cogmind - Beta 15 @@@ ROGUE MODE // 2025.09.09 @ 15:49:54 Player: spoonum Result: Self-destructed Performance ------------- Evolutions (2) 1000 Regions Visited (5) 1000 Robots Destroyed (31) 155 Value Destroyed (598) 598 Prototype IDs (2) 40 Alien Tech Used (0) 0 Bonus (-116) -116 TOTAL SCORE: 2677 Bonus ------- Follower Combat Kills 47 Friendly Fire -163 Cogmind --------- Core Integrity 254/550 Matter 240/300 Energy 99/100 System Corruption 1% Temperature Cool (18) Movement Core (50) Location -8/Materials Parts ------- > --- POWER (1) -------- (None) > --- PROPULSION (4) --- (None) > --- UTILITY (4) ------ ECM Suite Hacking Suite > --- WEAPON (2) ------- (None) > --- INVENTORY (5) ---- Large Battery (200) High-capacity Matter Pod (200) Sensor Array EM Shotgun Peak State ------------ > --- POWER ------------ (None) > --- PROPULSION ------- Wheel Wheel Compact Wheel Compact Wheel > --- UTILITY ---------- Advanced Weight Redist. System Hacking Suite System Shield Tractor Beam > --- WEAPON ----------- EM Shotgun Shock Rifle > --- INVENTORY -------- Large Battery Compact Battery High-capacity Matter Pod Sensor Array Mining Laser [Rating: 19] Favorites ----------- Power Ion Engine Engine Ion Engine Propulsion Light Treads Treads Light Treads Leg Aluminum Leg Wheel Compact Wheel Hover Unit Hover Unit Utility Large Storage Unit Device Seismic Detector Storage Large Storage Unit Processor Targeting Computer Hackware Hacking Suite Protection Weapon Shielding Weapon Beam Rifle Energy Gun Beam Rifle Ballistic Gun Assault Rifle Launcher Grenade Launcher Special Weapon Mining Laser Build | -11 -10 -10 -9 -9 -8 ------- Run | Yrd Mat Min Mat Min Mat Slots Evolved 4 | . . . 2 . 2 Power . | . . . . . . Propulsion 2 | . . . 1 . 1 Utility 2 | . . . 1 . 1 Weapon . | . . . . . . Parts Attached 38 | 4 6 7 6 3 12 Power 3 | . . 1 2 . . Engine 3 | . . 1 2 . . Core . | . . . . . . Reactor . | . . . . . . Propulsion 12 | 3 . 1 2 1 5 Treads 6 | 2 . 1 2 1 . Leg . | . . . . . . Wheel 5 | 1 . . . . 4 Hover 1 | . . . . . 1 Flight . | . . . . . . Utility 13 | 1 2 2 2 1 5 Device 5 | 1 . . 1 . 3 Storage 3 | . 2 1 . . . Processor 1 | . . . . 1 . Hackware 2 | . . . . . 2 Protection 2 | . . 1 1 . . Artifact . | . . . . . . Weapon 10 | . 4 3 . 1 2 Energy Gun 6 | . 2 1 . 1 2 Energy Cannon . | . . . . . . Ballistic Gun 2 | . 1 1 . . . Ballistic Cannon . | . . . . . . Launcher 1 | . 1 . . . . Special Weapon 1 | . . 1 . . . Impact Weapon . | . . . . . . Slashing Weapon . | . . . . . . Piercing Weapon . | . . . . . . Special Melee Weapon . | . . . . . . Unidentified Prototypes . | . . . . . . Corrupted Parts 1 | . . . . . 1 System Corruption 1 | . . . . . 1 Parts Lost 19 | . . . 2 8 9 Power 2 | . . . 2 . . Propulsion 7 | . . . . 3 4 Utility 5 | . . . . 2 3 Weapon 5 | . . . . 3 2 Highest Loss Streak 9 | . . . 1 8 9 To Critical Strikes . | . . . . . . Average Backups 11 | 4 9 14 14 11 4 Power . | 1 1 1 . . . Propulsion 1 | 2 1 1 1 1 . Utility 5 | . 5 8 7 5 3 Weapon 3 | 1 2 3 4 3 1 Tool/Special . | . . . . . . Unused Backups 17 | . 6 3 2 4 2 Power 3 | . . 2 . 1 . Propulsion 2 | . 2 . . . . Utility 9 | . 2 1 2 2 2 Weapon 3 | . 2 . . 1 . Tool/Special . | . . . . . . Average Slot Usage (%) 92 | . 100 100 98 66 56 Engine 10 | . 14 14 10 7 . Treads 24 | . 28 28 32 20 . Wheel 3 | . . . . . 20 Device 10 | . 14 3 11 3 12 Storage 10 | . 14 14 11 7 . Hackware 1 | . . . . . 8 Protection 5 | . . 9 11 7 . Energy Gun 14 | . 17 17 11 9 10 Ballistic Gun 6 | . 9 1 10 4 . Launcher 1 | . . 8 . 1 . Peak Build Rating 19 | 7 10 11 14 15 19 Average Rating 10 | 6 8 10 12 7 12 On Entrance 7 | 6 7 9 10 14 . Naked Turns 33 | . . . . 26 7 Heaviest Build 90 | 14 90 34 41 42 7 Greatest Support 60 | 40 40 40 60 60 36 Greatest Overweight (x) 2 | . 2 . . . . Average Overweight (x) . | . . . . . . Largest Inventory Capacity 25 | 8 25 15 15 15 5 Average Capacity 13 | 8 15 15 15 10 5 Most Carried 15 | 6 13 15 15 15 5 Average Carried 11 | 4 9 14 14 9 4 Final Capacity 15 | 8 15 15 15 5 5 Final Carried 15 | 5 13 15 15 5 4 Class Distribution -------------------- 91% | Mutant 6% | Hacker-Mutant Dominant Class ---------------- Mutant | -10/Materials Mutant | -10/Mines Mutant | -9/Materials Mutant | -9/Mines Hacker-Mutant | -8/Materials Resources | -11 -10 -10 -9 -9 -8 ----------- Run | Yrd Mat Min Mat Min Mat Matter Collected 1049 | 187 273 269 216 . 104 Remotely . | . . . . . . Salvage Created 800 | 17 232 150 267 30 104 Parts 44 | 4 17 9 10 . 4 Haulers Intercepted 1 | . 1 . . . . Recyclers Shooed 2 | . . . 1 1 . Parts Field Recycled . | . . . . . . Retrieved Matter . | . . . . . . Parts Self-Destructed . | . . . . . . Prevented . | . . . . . . Kills | -11 -10 -10 -9 -9 -8 ------- Run | Yrd Mat Min Mat Min Mat Combat Hostiles Destroyed 22 | . 8 5 8 1 . Guns 14 | . 6 2 5 1 . AOE 8 | . 2 3 3 . . Classes Destroyed 11 | 1 5 1 2 1 1 Worker 1 | . . 1 . . . Builder 2 | . 1 . 1 . . Tunneler 1 | 1 . . . . . Hauler 1 | . 1 . . . . Recycler 1 | . . . . . 1 Mechanic 2 | . 1 . . . 1 Swarmer 12 | . 6 3 3 . . Grunt 6 | . 2 2 2 . . Brawler 1 | . . . 1 . . Sentry 2 | . . . 2 . . Demolisher 1 | . . . . 1 . Thug 1 | . . 1 . . . Best Kill Streak 5 | 1 5 2 4 1 1 Combat Bots Only 4 | . 4 2 3 1 . Max Kills in Single Turn 3 | 1 3 2 2 1 1 Gunslinging . | . . . . . . Exploded 2 | . 1 2 2 . . Melee . | . . . . . . Uniques/NPCs Destroyed . | . . . . . . Combat | -11 -10 -10 -9 -9 -8 -------- Run | Yrd Mat Min Mat Min Mat Hostile Shots Fired 199 | . 41 10 52 45 51 Missed 58 | . 5 3 22 7 21 Hits 141 | . 36 7 30 38 30 Projectile 141 | . 36 7 30 38 30 AOE 17 | . . . . 17 . Critical Strikes 3 | . . . 1 . 2 Damage Taken 2438 | . 301 130 409 1013 585 Core 622 | . 47 24 25 230 296 Absorbed by Shields . | . . . . . . Redirected to Shielding 52 | . . 2 16 34 . Regen/Repaired (Parts) 152 | . . . 152 . . Core Remaining (%) 69 | 100 . 71 . 36 . Volleys Fired 84 | 4 32 10 25 8 5 Largest 2 | 2 2 2 2 2 1 Hottest 121 | 70 121 112 86 112 100 Shots Fired 159 | 8 63 19 50 14 5 Gun 144 | 8 59 15 47 12 3 Cannon . | . . . . . . Launcher 12 | . 4 3 3 2 . Special 3 | . . 1 . . 2 Kinetic 54 | 4 25 . 22 3 . Thermal 90 | 4 34 16 25 9 2 Explosive 12 | . 4 3 3 2 . Electromagnetic 3 | . . . . . 3 Robot Hit Streak 8 | 3 7 5 8 3 4 Robot Miss Streak 7 | 2 7 3 2 1 2 Penetration Max . | . . . . . . Secondary Targets . | . . . . . . Shots Hit Robots 90 | 4 25 10 38 10 3 Core Hits 50 | 2 16 9 13 7 3 Critical Kills . | . . . . . . Critical Parts Destroyed . | . . . . . . Critical Strikes 5 | . 2 . 3 . . Burn 5 | . 2 . 3 . . Melee Attacks . | . . . . . . Impact . | . . . . . . Slashing . | . . . . . . Piercing . | . . . . . . Sneak Attacks . | . . . . . . Combat Hostiles . | . . . . . . Follow-up Attacks . | . . . . . . Damage Inflicted 1912 | 39 457 430 752 189 45 Guns 1115 | 39 299 130 474 128 45 Cannons . | . . . . . . Explosions 797 | . 158 300 278 61 . Melee . | . . . . . . Ramming . | . . . . . . Kinetic 280 | 14 51 . 173 42 . Thermal 790 | 25 248 130 301 86 . Explosive 797 | . 158 300 278 61 . Electromagnetic 45 | . . . . . 45 Impact . | . . . . . . Slashing . | . . . . . . Piercing . | . . . . . . Highest Corruption 4 | . 4 4 . . 1 Average Corruption 3 | . 3 4 . . 1 Corruption Purged . | . . . . . . Corruption Blocked . | . . . . . . Effects 14 | . 2 10 . . 2 Message Errors 5 | . . 5 . . . Matter Fused 2 | . . 2 . . . Heat Flow Errors 1 | . 1 . . . . Energy Discharges 2 | . . 1 . . 1 Parts Fused 1 | . . 1 . . . Data Loss (minor) 2 | . . 1 . . 1 Alerts 1 | . 1 . . . . Overload Shots . | . . . . . . Overflow Damage 28 | . . 16 12 . . Projectiles . | . . . . . . Explosions 28 | . . 16 12 . . Melee . | . . . . . . Knockbacks . | . . . . . . Impact . | . . . . . . Kinetic . | . . . . . . Secondary . | . . . . . . Self-Inflicted Damage 58 | . 9 49 . . . Shots 3 | . 1 2 . . . Rammed . | . . . . . . Targets Rammed . | . . . . . . Kicked . | . . . . . . Crushed . | . . . . . . Highest Temperature 440 | 70 440 222 126 324 . Average Temperature 94 | 30 128 73 43 147 . Received Heat Transfer 486 | . 30 36 144 150 126 Effects 2 | . . . . 2 . Interference 2 | . . . . 2 . Siege Activations . | . . . . . . Martial Activations . | . . . . . . Shielding Activations . | . . . . . . Robots Disrupted . | . . . . . . Combat Hostiles . | . . . . . . Robots Corrupted . | . . . . . . Combat Hostiles . | . . . . . . Parts Fried . | . . . . . . Impact Corruptions . | . . . . . . Robots Melted . | . . . . . . Combat Hostiles . | . . . . . . Parts Melted 6 | . 2 1 3 . . Heat Transferred 2405 | 74 777 333 999 222 . Parts Sabotaged . | . . . . . . Parts Stolen . | . . . . . . Parts Stripped . | . . . . . . Power Chain Reactions . | . . . . . . Alert | -11 -10 -10 -9 -9 -8 ------- Run | Yrd Mat Min Mat Min Mat Maximum Alert Level . | . . . . . . Low Security (%) 100 | 100 100 100 100 100 100 Level 1 . | . . . . . . Level 2 . | . . . . . . Level 3 . | . . . . . . Level 4 . | . . . . . . Level 5 . | . . . . . . High Security . | . . . . . . Max Security . | . . . . . . Peak Influence 182 | 5 121 121 182 44 20 Initial 43 | . . 43 16 . . Average 33 | . 26 72 38 9 1 Influence Increases 936 | 5 301 189 316 69 56 Destroy 0b10 Robot/C 500 | . 160 140 180 20 . Destroy 0b10 Robot/NC 40 | 5 15 5 5 . 10 Destroy Leader 112 | . 32 20 50 10 . Allied During Kill 8 | . . 3 5 . . Successful Hack 14 | . 2 . 12 . . Disable Machine 45 | . 15 . 15 15 . Destroy Structure 82 | . 32 21 19 9 1 Lose Combat Pursuer 135 | . 45 . 30 15 45 Influence Decreases 931 | 5 188 260 358 69 51 Entered New Map 96 | . . 70 26 . . Time Decay 586 | 5 188 190 162 10 31 Lost Part 84 | . . . 20 44 20 Lost Ally 15 | . . . . 15 . Purge Threat 150 | . . . 150 . . Squads Dispatched 3 | . 1 . 1 . 1 Investigation 2 | . 1 . 1 . . Extermination . | . . . . . . Reinforcement 1 | . . . . . 1 Assault . | . . . . . . Garrison . | . . . . . . Intercept . | . . . . . . Searches Triggered . | . . . . . . Construction Impeded . | . . . . . . Haulers Reinforced . | . . . . . . Active Scanning Responses . | . . . . . . Cargo Convoy Interrupts . | . . . . . . Stealth | -11 -10 -10 -9 -9 -8 --------- Run | Yrd Mat Min Mat Min Mat Distress Signals 6 | . 2 . 2 . 2 Communications Jammed . | . . . . . . Distress Signals . | . . . . . . Times Spotted 57 | . 11 8 16 5 17 Peak Tracking Total 14 | . 3 3 6 5 14 Tactical Retreats 9 | . 3 . 2 1 3 Traps | -11 -10 -10 -9 -9 -8 ------- Run | Yrd Mat Min Mat Min Mat Traps Triggered 4 | . 3 . 1 . . Indirectly . | . . . . . . Trap Hack Attempts . | . . . . . . Triggered . | . . . . . . Disarmed . | . . . . . . Reprogrammed . | . . . . . . Reused . | . . . . . . Traps Extracted . | . . . . . . Installed . | . . . . . . Triggered . | . . . . . . Machines | -11 -10 -10 -9 -9 -8 ---------- Run | Yrd Mat Min Mat Min Mat Machines Disabled 3 | . 1 . 1 1 . Max in Single Turn 1 | . 1 . . 1 . Machines Repaired . | . . . . . . Machines Dismantled . | . . . . . . Machines Sabotaged . | . . . . . . Overloaded Fab Kills . | . . . . . . Hacking | -11 -10 -10 -9 -9 -8 --------- Run | Yrd Mat Min Mat Min Mat Machines Accessed 10 | . 3 1 5 . 1 Terminals 8 | . 2 1 4 . 1 Fabricators . | . . . . . . Repair Stations 1 | . . . 1 . . Recycling Units 1 | . 1 . . . . Scanalyzers . | . . . . . . Garrison Access . | . . . . . . Total Hacks 29 | . 5 3 19 . 2 Successful 12 | . 1 1 10 . . Failed 17 | . 4 2 9 . 2 Catastrophic 2 | . 1 . . . 1 Database Lockouts . | . . . . . . Manual 18 | . 5 . 13 . . Terminals 22 | . 3 3 14 . 2 Fabricators . | . . . . . . Repair Stations 5 | . . . 5 . . Recycling Units 2 | . 2 . . . . Scanalyzers . | . . . . . . Garrison Access . | . . . . . . Terminal Hacks 5 | . . 1 4 . . Prototype ID Bank 1 | . . . 1 . . Branch Access Points 1 | . . . 1 . . Alert Level 1 | . . . 1 . . Unreport Threat 1 | . . . 1 . . Zone Layout 1 | . . 1 . . . Fabricator Hacks . | . . . . . . Repair Station Hacks 4 | . . . 4 . . Scan Component 2 | . . . 2 . . Repair 2 | . . . 2 . . Recycling Unit Hacks . | . . . . . . Scanalyzer . | . . . . . . Garrison Access Hacks . | . . . . . . Unauthorized Hacks 2 | . . . 2 . . Terminals 2 | . . . 2 . . Botnet 1 | . . . 1 . . Operators 1 | . . . 1 . . Fabricators . | . . . . . . Repair Stations . | . . . . . . Recycling Units . | . . . . . . Scanalyzers . | . . . . . . Garrison Access . | . . . . . . Data Cores Recovered . | . . . . . . Used . | . . . . . . Hacking Detections 8 | . 2 . 5 . 1 Full Trace Events . | . . . . . . Feedback Events . | . . . . . . Feedback Blocked . | . . . . . . Robot Schematics Acquired . | . . . . . . Robots Built . | . . . . . . Authchips . | . . . . . . Time . | . . . . . . Total Robot Build Rating . | . . . . . . Part Schematics Acquired . | . . . . . . Parts Built . | . . . . . . Authchips . | . . . . . . Time . | . . . . . . Total Part Build Rating . | . . . . . . Parts Repaired 2 | . . . 2 . . Time 52 | . . . 52 . . Parts Recycled . | . . . . . . Recycled Matter . | . . . . . . Retrieved Matter . | . . . . . . Retrieved Components . | . . . . . . Parts Scanalyzed . | . . . . . . Part Schematics Acquired . | . . . . . . Parts Damaged . | . . . . . . Bothacking | -11 -10 -10 -9 -9 -8 ------------ Run | Yrd Mat Min Mat Min Mat Used RIF Installer . | . . . . . . Robots Hacked . | . . . . . . Non-combat . | . . . . . . Combat . | . . . . . . Robot Hacks Applied . | . . . . . . Relay Couplers Released . | . . . . . . Fabnet Peak Effective % . | . . . . . . Robots Rewired . | . . . . . . Allies Hacked . | . . . . . . Hacks Repelled . | . . . . . . Allies | -11 -10 -10 -9 -9 -8 -------- Run | Yrd Mat Min Mat Min Mat Total Allies 4 | . . 2 . 2 . Largest Group 2 | . . 1 1 2 . Highest-Rated Group 43 | . . 31 31 43 . Highest-Rated Ally 31 | . . 31 31 31 . Total Orders . | . . . . . . Ally Attacks 8 | . . 5 3 . . Total Damage 84 | . . 62 22 . . Kills 3 | . . 2 1 . . Allies Corrupted . | . . . . . . Allies Melted . | . . . . . . Intel | -11 -10 -10 -9 -9 -8 ------- Run | Yrd Mat Min Mat Min Mat Active Infowar (turns) 1528 | 22 745 106 642 7 6 Sensors 649 | . . . 642 7 . Seismic 873 | 22 745 106 . . . ECM 6 | . . . . . 6 Robot Analysis Total . | . . . . . . Derelict Logs Recovered . | . . . . . . Drone Launches . | . . . . . . Drone Recoveries . | . . . . . . Exploration | -11 -10 -10 -9 -9 -8 ------------- Run | Yrd Mat Min Mat Min Mat Turns Passed 2212 | 73 745 384 642 62 306 Spaces Moved 1242 | 34 378 193 254 50 333 Core 94 | . . . . 47 47 Treads 862 | 34 378 193 254 3 . Legs . | . . . . . . Wheels 249 | . . . . . 249 Hover 37 | . . . . . 37 Flight . | . . . . . . Fastest Speed 50 | 160 160 160 160 50 50 Average Speed 134 | 160 162 160 160 56 78 Slowest Speed 320 | 160 320 160 160 160 90 Overloaded Moves . | . . . . . . Propulsion Burnouts . | . . . . . . Robots Hopped . | . . . . . . Potential Cave-ins . | . . . . . . Cave-ins Triggered . | . . . . . . Exploration Rate (%) 30 | 4 57 44 22 24 34 Regions Visited 5 Branch Regions 2 Pre-discovered Areas 1 | . . 1 . . . Known Exits Taken 1 | . . . 1 . . Unknown Exits Taken 4 | 1 1 1 . 1 . Scrap Searched . | . . . . . . Spaces Dug 1 | . . 1 . . . Terrain Destroyed 87 | . 28 22 21 15 1 Melee . | . . . . . . Projectile 2 | . . 1 . . 1 AOE 85 | . 28 21 21 15 . Terrain Rammed . | . . . . . . Walls Destroyed . | . . . . . . Machines Disabled . | . . . . . . Actions | -11 -10 -10 -9 -9 -8 --------- Run | Yrd Mat Min Mat Min Mat Total 1614 | 45 454 242 439 68 366 Wait 186 | . 13 22 141 4 6 Move 1237 | 33 377 192 253 49 333 Hop . | . . . . . . Pick Up 28 | 2 13 4 6 . 3 Fast Attach 15 | . 2 . 2 . 11 Attach 10 | 1 . . 3 5 1 Detach 2 | . 2 . . . . Swap 31 | 3 6 12 5 2 3 Drop 21 | 2 9 2 4 . 4 Fire 84 | 4 32 10 25 8 5 Melee . | . . . . . . Ram . | . . . . . . Kick . | . . . . . . Crush . | . . . . . . Escape Stasis . | . . . . . . Rewire . | . . . . . . Trap . | . . . . . . Miscellaneous . | . . . . . . Route ------- -11/Scrapyard -10/Materials (discovered 2 exits: *Mat / *Min) -10/Mines -9/Materials -9/Mines -8/Materials (discovered 1 exit: [*Fac]) History --------- Turn | Location | Event 7 | -11/Scrapyard | Discovered new exit (range 3) 74 | -11/Scrapyard | Entered Materials 75 | -10/Materials | Met a group of wandering Federalists 240 | -10/Materials | Discovered new exit (range 8) 316 | -10/Materials | Build established: Mutant 475 | -10/Materials | Discovered new exit (range 9) 819 | -10/Materials | Entered Mines 822 | -10/Mines | Escorted by a lone wolf Derelict 842 | -10/Mines | Learned location of Storage (-7) 859 | -10/Mines | A weapon hastily lodged in a ceiling crevice suddenly fell to the ground 1174 | -10/Mines | Discovered new exit (range 7) 1184 | -10/Mines | Received a Mining Laser from a helpful Derelict 1203 | -10/Mines | Entered Materials 1203 | -9/Materials | Accompanied by 1 ally 1203 | -9/Materials | Evolved 2 slots: Propulsion x1, Utility x1 1246 | -9/Materials | Repaired Grenade Launcher 1273 | -9/Materials | Repaired Lgt. Treads 1373 | -9/Materials | Identified exit to Mines 1845 | -9/Materials | Entered Mines 1846 | -9/Mines | Assembled infested the area 1881 | -9/Mines | Released all parts (6) 1883 | -9/Mines | Core integrity fell below 50% 1905 | -9/Mines | Discovered new exit (range 6) 1907 | -9/Mines | Lost 8 parts (3n2u3w) 1907 | -9/Mines | Entered Materials 1907 | -8/Materials | Evolved 2 slots: Propulsion x1, Utility x1 2183 | -8/Materials | Discovered new exit (range 5) 2212 | -8/Materials | Core integrity fell below 50% 2213 | -8/Materials | Self-destructed Last Messages --------------- 02134_ System corrupted: Component data lost. 02142_ ALERT: Suspicious intruders detected, dispatching Specialist reinforcements to area. 02154_ Dropped Com. Battery. 02155_ Acquired ECM Suite. 02156_ Extracted 3 energy. 02163_ Connecting with Terminal... 02176_ Com. Wheel destroyed. 02183_ EXIT=FOUND 02185_ Mining Laser destroyed. 02185_ Tractor Beam destroyed. 02185_ Knocked back. 02191_ Wheel destroyed. 02191_ Com. Wheel destroyed. 02193_ Shock Rifle destroyed. 02195_ Wheel destroyed. 02195_ Adv. Weight Redist. System destroyed. 02195_ Critical hit (Blast). 02210_ U-05 Engineer destroyed. 02213_ System Shield destroyed. Map ----- +----------------------------------------------------+ | ?????????????????????????????????????????????????? | | ?????????????????????????????????????????????????? | | ?????????????????????????????????????????????????? | | ?????????????????????????????????????????????????? | | ?????????????????????????????????????????????????? | | ?????????????????????????????????????????????????? | | ?????????????????????????????????????????????????? | | ?????????????????????????????????????????????????? | | ?????????????????????????????????????????????????? | | ?????????????????????????????????????????????????? | | ????????????????????????? w?????????????????????? | | ????????????????????????? #????????????????????? | | ????????????????????????? #????????????????????? | | ????????????????????????? #??????????????????### | | ?????????????????????????w #??????????????????# | | ?????????????????????????g #??????????????????#! | | ????????????????????????# #??????????????????# | | ????????????????????????/h #??????????????????# / | | ????????????????????????#l #??????????????????# | | ????????????????????????#wg #??????????????????# | | ????????????????????????# #??????????????????# | | ????????????????????????# a#??????????????????# | | ????????????????????????# #??????????????????### | | ????????????????????????# #????????????????????? | | ????????????????????????+ #????????????????????? | | ????????????????????????#@ #????????????????????? | | ????????????????????????# #?????????######?????? | | ????????????????????????# ######## T?????? | | ????????????????????????# ## # ?#???? | | ????????????????????????# ## """ # #???? | | ????????????????????????# * ## """ # """ """ #???? | | ????????????????????????#!%|## """ # """ """ #???? | | ??????????????#######???# ! ## # """ """ #???? | | ??????????????# ??# ##] # ?????? | | ??????????????# ?## ## [?? ???????? | | ????????????????""" # ###+######+########## | | ???????????????""""" # % | | ???????????????""""" " Y | | ???????????????""""" # % | | ????????????????""" # ##################### | | ??????????????# ?###+###???????????????????? | | ??????????????# ! ?? ????????????????????? | | ??????????????#######??# ??????????????????? | | ???????????????????????# T????????????????? | | ???????????????????????# !!= "" ??????????????? | | ???????????????????????# != #?????????????? | | ???????????????????????# != #?????????????? | | ??????????????????????? #?????????????? | | ???????????????????????#############?????????????? | | | +----------------------------------------------------+ Best States ------------- Heat Dissipation 31 Energy Generation 12 Energy Capacity 450 Matter Stores 300 Matter Capacity 300 Sight Range 16 Robot Scan Range 14 Terrain Scan Density 10 Armor Coverage 150 Weapon Shielding 33 Evasion (%) 53 Targeting Accuracy 5 Recoil Reduction 3 Offensive Hacking 10 Defensive Hacking 10 Item Schematics ----------------- None Robot Schematics ------------------ None Fabricated ------------ Nothing Repaired ---------- Grenade Launcher | 8% | -9/Materials Lgt. Treads | 30% | -9/Materials Alien Tech Used ----------------- None Achievements -------------- None Challenges ------------ None Game ------ Seed DroneRingScanner Manual? 0 Play Time 00:27:14 Cumulative 59.0 hours Start 2025.09.09 @ 15:22:23 End 2025.09.09 @ 15:49:54 Sessions 1 Manual Loads 0 Difficulty Rogue Special Mode None Game No. 51 Rogue 51 Adventurer 0 Explorer 0 Win Type - Total 0 Types 0/0/0/0/0/0/0/0/0/0 Lore% 26 Gallery% 35 Achievement% 30 Wizard Run 0 Options --------- Layout 2 ASCII 0 Keyboard 1 Movement Numpad Keybinds 0 Fullscreen 1 Font 20/SmallcapsGlow Map View 64x51 Zoom Use 0% Tactical HUD 1 Map Filters NONE Filters NONE Steam 1 RUN: 84d93fd0-f945-41d8-949a-88f25102995f